 Dungeon Crawl Stone Soup version 0.32-a0-859-gb0a091d (webtiles) character file.

Game seed: 7196451611424870142

70 mezmerelda the Firebug (level 4, -2/33 HPs)
             Began as a Mountain Dwarf Fire Elementalist on Mar 27, 2024.
             Slain by a lemure (4 damage)
             ... led by Pikel
             ... on level 4 of the Dungeon.
             The game lasted 00:10:27 (2536 turns).

mezmerelda the Firebug (MDFE)                       Turns: 2536, Time: 00:10:27

Health: -2/33      AC:  3    Str: 11    XL:     4   Next: 4%
Magic:  6/6        EV: 10    Int: 17    God:
Gold:   166        SH:  0    Dex: 10    Spells: 3/6 levels left

rFire   . . .        g - +0 hand axe (spect)
rCold   . . .        (no shield)
rNeg    . . .        a - +0 robe
rPois   .            (no helmet)
rElec   .            i - +0 cloak
rCorr   +            (no gloves)
SInv    .            (no boots)
Will    .....        j - amulet of magic regeneration
Stlth   ++           l - ring of resist corrosion
HPRegen 0.25/turn    (no ring)
MPRegen 0.50/turn

%: no passive effects
@: no status effects
A: runic magic, artefact enchanting
a: no special abilities


You were on level 4 of the Dungeon.
You visited 1 branch of the dungeon, and saw 4 of its levels.

You collected 166 gold pieces.

Inventory:

Hand Weapons
 g - a +0 spectral hand axe (weapon)
Armour
 a - a +0 robe (worn)
 c - a +1 ring mail of fire resistance
 h - a +2 buckler
 i - a +0 cloak (worn)
Jewellery
 j - an amulet of magic regeneration (around neck)
 l - a ring of resist corrosion (left hand)
Scrolls
 d - 2 scrolls of brand weapon
 e - a scroll of enchant armour {unknown}
 f - a scroll of identify
 o - a scroll of revelation {unknown}
 p - a scroll of vulnerability {unknown}
 r - a scroll of teleportation {unknown}
Potions
 b - a potion of magic
 k - a potion of might {unknown}
 m - a potion of invisibility {unknown}
 n - 2 potions of curing
 q - a potion of brilliance
 s - a potion of heal wounds
 t - a potion of cancellation {unknown}


   Skills:
 - Level 1.3 Dodging
 - Level 1.4 Stealth
 + Level 1.8 Spellcasting
 - Level 0.8 Conjurations
 - Level 6.0 Fire Magic


You had 3 spell levels left.
You knew the following spells:

 Your Spells              Type           Power      Damage    Failure   Level
f - Foxfire               Conj/Fire      52%        2x1d6     4%          1
s - Scorch                Fire           42%        2d6       2%          2

Your spell library contained the following spells:

 Spells                   Type           Power      Damage    Failure   Level
 Inner Flame              Hex/Fire       11%        N/A       17%         3
 Volatile Blastmotes      Fire/Tloc      22%        2d11      17%         3
 Hailstorm                Conj/Ice       2%         3d5       45%         3
 Summon Ice Beast         Ice/Summ       1%         N/A       52%         3
 Flame Wave               Conj/Fire      13%        2d6       43%         4
 Permafrost Eruption      Ice/Erth       0%         2x4d2     100%        6
 Sculpt Simulacrum        Ice/Alch       0%         N/A       100%        6


Dungeon Overview and Level Annotations

Branches:
Dungeon (4/15)             Temple (0/1) D:4

Altars:

Shops:
D:3 [

Annotations:
D:4 Edmund, Pikel


Innate Abilities, Weirdness & Mutations

Your spellcasting is much less encumbered by armour.
You can use scrolls of enchantment on lesser artefacts.


Message History

The lemure attacks as it pursues you! The lemure hits you.
Edmund the Younger comes into view.
He is wielding a +4 flail of protection.
Found a potion of curing.
Edmund shouts!
You hear a shout!
An orc comes into view. It is wielding a +0 whip.
You feel much better. The lemure closely misses you.
Edmund asks, "Have you met my wondrous brother?"
Edmund hits you with a +4 flail of protection!
You barely miss the orc. You hit Edmund but do no damage.
You hit the lemure but do no damage.
Your +0 spectral hand axe hits the orc.
Your +0 spectral hand axe barely misses Edmund. x2
Your +0 spectral hand axe misses the orc.
The lemure closely misses you. Edmund barely misses you. The orc misses you.
The lemure barely misses you.
You closely miss the orc.
The orc is lightly wounded.
You miss the lemure. You hit Edmund but do no damage.
Your +0 spectral hand axe hits the orc but does no damage.
Your +0 spectral hand axe hits Edmund but does no damage. x2
Your +0 spectral hand axe hits the orc.
The orc hits you but does no damage.
Edmund hits you with a +4 flail of protection.
The lemure hits you but does no damage. Edmund closely misses you.
The orc closely misses you.
You hit the orc.
You kill the orc!
You closely miss Edmund. You closely miss the lemure.
Your +0 spectral hand axe hits Edmund but does no damage.
The lemure barely misses you.
Edmund hits you with a +4 flail of protection!
* * * LOW HITPOINT WARNING * * *
You swap places.
Your +0 spectral hand axe disappears.
Things that are here:
9 gold pieces; a +0 whip; an orc corpse The lemure attacks as it pursues you!
The lemure misses you.
Found a staircase to the Ecumenical Temple.
The lemure hits you!
* * * LOW HITPOINT WARNING * * *
The lemure attacks as it pursues you! The lemure hits you.
You die...

............####.....
#####.####### ....... #
#.# ....... . # #.##
###......#.. #####..##
#... .......
........#####.# ...P.P.
###.....55.55.# ....>..
###.##..#####@###...P.P.
....##..#####..5@.......
...........####!##......
..####..##.# #.# #.##.
55......##)# #.. ..
######..##.# #### .
#..##.####
######..##....#
........#####.#
###....## #.#


You could see Edmund and a lemure.

Vanquished Creatures
  An adder (D:3)
  A dart slug (D:1)
  2 orcs (D:4)
  6 ball pythons
  6 bats
  2 endoplasms
  3 giant cockroaches
  8 hobgoblins
  7 kobolds
  3 quokkas
  3 frilled lizards
  5 goblins
  5 rats
52 creatures vanquished.

Vanquished Creatures (others)
  56 foxfires
56 creatures vanquished.

Grand Total: 108 creatures vanquished

Notes
Turn   | Place    | Note
-------+----------+-------------------------------------------
     0 | D:1      | mezmerelda the Mountain Dwarf Fire Elementalist began the
                  | quest for the Orb.
     0 | D:1      | Reached XP level 1. HP: 14/14 MP: 3/3
     8 | D:1      | Noticed a black bear
     8 | D:1      | Noticed a mana viper
     8 | D:1      | Noticed a swamp drake
     8 | D:1      | Noticed a crocodile
     8 | D:1      | Noticed a hound
   111 | D:1      | Reached skill level 4 in Fire Magic
   156 | D:1      | Reached XP level 2. HP: 19/20 MP: 1/4
   546 | D:1      | Reached skill level 5 in Fire Magic
   602 | D:1      | Reached XP level 3. HP: 26/26 MP: 5/5
  1413 | D:2      | You fall into a shaft and drop 2 floors!
  1755 | D:3      | Found a faded altar of an unknown god.
  1839 | D:3      | Found Desocw's Antique Armour Emporium.
  2092 | D:3      | Learned a level 2 spell: Scorch
  2423 | D:4      | Reached skill level 6 in Fire Magic
  2423 | D:4      | Reached XP level 4. HP: 23/33 MP: 3/6
  2487 | D:4      | Noticed a lemure
  2487 | D:4      | Noticed Pikel
  2487 | D:4      | Noticed a lemure
  2503 | D:4      | Noticed a lemure
  2520 | D:4      | Noticed a lemure
  2526 | D:4      | Noticed Edmund
  2534 | D:4      | Found a staircase to the Ecumenical Temple.
  2536 | D:4      | Slain by a lemure

Illustrated notes

Levels and vault maps discovered:
D:1:      onia_arrival_zoo_common, layout_rooms, chequers_serial_rivers_micro_e
D:2:      layout_basic, serial_curves, eino_curves_04, eino_curves_01
D:3:      layout_loops_cross, serial_shops, nicolae_diamond_shop,
          basic_ecumenical_altar
D:4:      layout_loops_ring, minmay_temple_entry_trees, lemuel_flame_loot_1,
          uniq_pikel, uniq_edmund

Skill      XL: |  1  2  3 |
---------------+----------+-----
Fire Magic     | 4 5 6 |  6.0
Dodging        | |  1.3
Stealth        | |  1.4
Spellcasting   | |  1.8
Conjurations   | |  0.8

Action                     |  1- 3 |  4- 6 || total
---------------------------+-------+-------++-------
  Melee: Short sword       |    51 |       ||    51
         Unarmed           |     5 |       ||     5
         Hand axe          |    60 |     3 ||    63
   Cast: Foxfire           |    31 |       ||    31
         Scorch            |     2 |       ||     2
    Use: Scroll            |     4 |       ||     4
         Potion            |       |     1 ||     1
   Stab: Sleeping          |     2 |       ||     2
 Armour: Robe              |    94 |    13 ||   107
  Dodge: Dodged            |    81 |    12 ||    93

Table legend: (Time is in decaauts)
 A = Elapsed time spent in this place.
 B = Non-inter-level travel time spent in this place.
 C = Inter-level travel time spent in this place.
 D = Time resting spent in this place.
 E = Time spent auto-exploring this place.
 F = Levels seen in this place.
 G = Mean time per level.
                   A        B        C        D        E       F      G
               +--------+--------+--------+--------+--------+-----+--------+
         Total |   2553 |   2479 |     74 |     51 |   1748 |   4 |  638.2 |
       Dungeon |   2553 |   2479 |     74 |     51 |   1748 |   4 |  638.2 |
               +--------+--------+--------+--------+--------+-----+--------+

Top non-repeatable levels by time:
     D:1: 888 daAuts
     D:2: 785 daAuts
     D:3: 642 daAuts
     D:4: 238 daAuts
